Map: Terraços Prion

Players

Kuga

  • Race: Terran Terran
  • League: Grandmaster

TheZergLord - Winner!

  • Race: Zerg Zerg
  • League: Master

VOD

Have the link to the VOD?

Description

Time

  • Played on: May 4, 2016, 11:27 a.m.
  • Length: 9:54
Show
View Real Time Build Order
Export as new Build Order

Kuga Terran 

Build Orders: Reaper Expand 

Get SALT Encoding   

  12  0:01  SCV  
  13  0:13  SCV  
  14  0:18  Supply Depot  
  14  0:25  SCV  
  15  0:40  SCV  
  15  0:41  Barracks  
  16  0:45  Refinery  
  16  0:52  SCV  
  17  1:04  SCV  
  18  1:16  SCV  
  19  1:29  Reaper, Orbital Command  
  20  1:40  Command Center  
  20  1:48  Supply Depot  
  20  1:55  SCV  
  21  2:01  Marine  
  21  2:07  SCV  
  23  2:12  Factory  
  23  2:19  SCV  
  24  2:23  Barracks Reactor  
  24  2:31  SCV  
  25  2:47  SCV  
  25  2:49  Command Center  
  26  2:52  Orbital Command  
  26  2:58  Bunker  
  26  2:59  SCV  
  27  3:09  Barracks Tech Lab  
  27  3:11  Hellion x2, SCV  
  32  3:18  SCV  
  33  3:23  SCV  
  34  3:27  Marine  
  34  3:28  Stimpack  
  34  3:29  Supply Depot  
  34  3:30  SCV  
  36  3:34  Refinery  
  36  3:35  SCV  
  39  3:41  Hellion  
  39  3:42  Hellion  
  39  3:43  SCV  
  39  3:47  SCV  
  43  3:56  SCV  
  43  3:59  Marine  
  43  4:00  SCV  
  43  4:01  Orbital Command  
  48  4:08  SCV  
  47  4:15  Engineering Bay x2  
  47  4:18  Barracks  
  47  4:20  Barracks, SCV, Factory Reactor  
  47  4:23  SCV  
  49  4:25  Supply Depot  
  49  4:32  SCV  
  49  4:35  Refinery x2, SCV  
  52  4:38  Marine  
  52  4:45  SCV  
  53  4:47  SCV  
  53  4:48  Terran Infantry Weapons Level 1, Terran Infantry Armor Level 1  
  54  4:56  Marine  
  54  4:57  SCV  
  54  4:58  Orbital Command  
  56  5:03  Starport  
  56  5:05  Factory Reactor  
  56  5:07  Barracks, Marine x2  
  56  5:08  SCV  
  56  5:10  SCV  
  56  5:11  Barracks  
  60  5:15  Marine x2  
  60  5:18  Marine  
  60  5:20  SCV  
  64  5:25  Marine x2, SCV x2  
  68  5:31  Supply Depot  
  68  5:32  Supply Depot  
  68  5:33  Marine x2, Armory, SCV  
  71  5:35  Supply Depot  
  71  5:37  SCV x2  
  71  5:38  Bunker  
  71  5:41  Supply Depot  
  73  5:43  Supply Depot  
  73  5:49  Medivac x2  
  77  5:52  Marine x3, Factory Reactor  
  77  5:54  Marine  
  82  5:58  Barracks Reactor  
  82  5:59  Marine, Barracks Reactor  
  82  6:02  SCV x2  
  84  6:04  SCV  
  84  6:10  Marine x3  
  88  6:13  Missile Turret  
  88  6:14  Missile Turret, SCV x2  
  88  6:16  Marine, SCV  
  88  6:18  Marauder  
  94  6:26  SCV  
  94  6:28  Marine x3  
  94  6:30  SCV  
  99  6:33  Refinery  
  99  6:34  Marine  
  99  6:36  Barracks x2  
  99  6:37  Factory  
  99  6:38  Barracks  
  99  6:39  Marine  
  101  6:42  SCV  
  101  6:45  Marine x4  
  93  7:09  Marine x3  
  89  7:19  Marine x2  
  89  7:22  Marine x3  
  92  7:23  Marauder  
  92  7:25  Barracks Tech Lab  
  92  7:26  Barracks Tech Lab  
  92  7:27  Barracks Tech Lab  
  92  7:29  Terran Infantry Weapons Level 2, Terran Infantry Armor Level 2  
  95  7:34  Marine x2  
  95  7:35  Widow Mine x2  
  95  7:37  Command Center, Medivac x2  
  103  7:39  Marine  
  103  7:40  Marine  
  103  7:41  Marine x3  
  103  7:42  Marine  
  111  7:45  Marauder  
  111  7:48  Marine  
  111  7:49  Marauder, Marine  
  117  7:58  Factory Tech Lab  
  117  8:05  Marine x6  
  117  8:06  Marauder  
  117  8:07  Supply Depot  
  117  8:08  Supply Depot x2  
  117  8:09  Supply Depot  
  117  8:11  Supply Depot x2  
  125  8:23  Marine x2  
  125  8:24  Marine x2  
  125  8:29  Widow Mine x2, Marauder x2, Medivac x2  
  125  8:30  Marauder x2  
  141  8:36  Refinery, Marine x4  
  141  8:40  Marine  
  141  8:41  Marine  
  147  8:47  Marine x2  
  132  8:51  Marauder x2  
  132  8:52  Marauder x2  
  132  8:54  Marine x3  
  143  8:59  Thor  
  149  9:03  Marine x3  
  149  9:05  Marine x2  
  154  9:12  Marauder x2, Marine  
  154  9:13  Marauder x2  
  154  9:17  SCV  
  162  9:27  Missile Turret  
  162  9:28  Missile Turret  
Show
View Real Time Build Order
Export as new Build Order

TheZergLord Zerg - Winner!

Build Orders: Hatch First, Muta Ling Bane 

Get SALT Encoding   

  12  0:01  Drone  
  13  0:13  Overlord  
  13  0:17  Drone  
  14  0:31  Drone  
  14  0:32  Drone  
  17  0:35  Drone  
  17  0:53  Hatchery  
  17  0:56  Drone  
  17  1:09  Spawning Pool  
  16  1:12  Drone  
  16  1:15  Extractor  
  16  1:17  Drone  
  17  1:20  Drone  
  18  1:29  Drone  
  19  1:41  Overlord  
  19  1:57  Queen  
  19  1:58  Zergling x2  
  22  2:02  Zergling x2  
  22  2:05  Queen, Zergling x2  
  26  2:12  Drone  
  27  2:18  Metabolic Boost  
  27  2:25  Drone x2  
  29  2:35  Spore Crawler  
  29  2:42  Hatchery  
  28  2:46  Drone x2  
  28  2:48  Drone  
  28  2:50  Queen  
  33  2:57  Overlord  
  33  3:01  Drone x3  
  36  3:10  Overlord  
  36  3:16  Drone x3  
  36  3:17  Drone x3  
  36  3:19  Drone  
  43  3:23  Drone  
  44  3:30  Queen, Drone  
  44  3:33  Queen  
  49  3:37  Overlord  
  49  3:43  Drone x3  
  50  3:58  Zergling x2  
  50  3:59  Zergling x6  
  54  4:04  Queen  
  56  4:12  Overlord  
  56  4:13  Drone x7  
  56  4:14  Drone  
  64  4:24  Overlord x2  
  64  4:25  Evolution Chamber  
  64  4:26  Evolution Chamber  
  61  4:35  Drone x4  
  65  4:39  Overlord  
  65  4:40  Overlord x2  
  65  4:49  Drone x3  
  65  4:51  Zerg Ground Armor Level 1  
  65  4:52  Drone x3  
  71  4:54  Hatchery, Drone x2  
  71  4:58  Drone x5  
  77  5:02  Extractor x2  
  77  5:03  Extractor  
  77  5:05  Extractor  
  77  5:06  Extractor  
  72  5:08  Zerg Melee Weapons Level 1  
  72  5:12  Drone x3  
  72  5:13  Drone x2  
  72  5:14  Hatchery  
  76  5:23  Zergling x10  
  76  5:24  Zergling x2  
  82  5:35  Zergling x4  
  84  5:36  Zergling x10  
  84  5:37  Lair  
  89  5:43  Overlord  
  89  5:53  Baneling Nest, Drone  
  90  5:57  Zergling x20  
  99  6:09  Queen  
  101  6:12  Zergling x2  
  101  6:13  Zergling x10  
  107  6:23  Overlord x2  
  107  6:25  Zergling x12  
  112  6:26  Zergling x2  
  112  6:27  Queen  
  114  6:41  Centrifical Hooks  
  114  6:43  Spire  
  112  6:47  Zerg Ground Armor Level 2  
  112  6:58  Zergling x2  
  112  6:59  Zergling x30  
  112  7:00  Zergling x14  
  128  7:14  Drone x9  
  133  7:18  Zerg Melee Weapons Level 2  
  133  7:20  Overlord  
  133  7:21  Overlord x2  
  132  7:26  Drone x5  
  137  7:31  Extractor  
  137  7:32  Extractor  
  137  7:37  Overlord x3  
  135  7:38  Pneumatized Carapace  
  135  7:42  Overseer  
  135  7:45  Baneling x10  
  135  7:53  Drone  
  136  8:02  Mutalisk  
  136  8:03  Mutalisk x11  
  160  8:06  Hatchery  
  159  8:13  Zergling x20  
  159  8:14  Zergling x2  
  159  8:17  Baneling x7  
  159  8:18  Baneling  
  169  8:29  Mutalisk x3  
  175  8:37  Zergling x2  
  175  8:38  Zergling x26  
  183  8:52  Overlord x2  
  183  8:57  Infestation Pit  
  183  9:00  Baneling x3  
  183  9:01  Baneling x13  
  182  9:12  Zergling x30  
  182  9:13  Zergling x6  
  199  9:18  Baneling x4  
Tags
 
Add a new tag
Caveats
  • Supply blocks, unpowered buildings, or Contaminate may cause inaccurate times.
  • Supply counts are checked every 10 seconds.